 Dungeon Crawl Stone Soup version 0.20.0-6-gd3061e9 (webtiles) character file.

329 Feta the Digger (level 6, -1/34 HPs)
             Began as a Gargoyle Earth Elementalist on May 28, 2017.
             Shot with an arrow by a centaur (11 damage)
             ... on level 5 of the Dungeon.
             The game lasted 00:13:42 (3265 turns).

Feta the Digger (Gargoyle Earth Elementalist)       Turns: 3265, Time: 00:13:42

Health: -1/34      AC:  8    Str: 12    XL:     6   Next: 51%
Magic:  11/11      EV: 12    Int: 16    God:
Gold:   248        SH:  0    Dex: 11    Spells: 7/12 levels left

rFire    . . .     SeeInvis .   r - +0 mace (curse)
rCold    . . .     Gourm    .   (no shield)
rNeg     + . .     Faith    .   a - +1 leather armour {MR+}
rPois    ∞         Spirit   .   (no helmet)
rElec    +         Reflect  .   (no cloak)
rCorr    .         Harm     .   (no gloves)
MR       +....                  (no boots)
Stlth    ++........             (no amulet)
Regen    0.2/turn               (no ring)
MPRegen  0.2/turn               (no ring)

@: no status effects
A: negative energy resistance 1, electricity resistance, unbreathing,
petrification resistance, rot immunity, AC +4
a: no special abilities


You were on level 5 of the Dungeon.
You were not hungry.

You visited 1 branch of the dungeon, and saw 5 of its levels.

You collected 248 gold pieces.

Inventory:

Hand Weapons
 r - a cursed +0 mace (weapon)
 B - a +0 blowgun
Missiles
 b - 61 stones (quivered)
 i - 21 arrows
 l - 18 bolts
 A - 16 poisoned needles
Armour
 a - a +1 leather armour of magic resistance (worn)
Wands
 c - a wand of paralysis (11/24)
Scrolls
 h - a scroll of immolation {unknown}
 k - a scroll of magic mapping {unknown}
 o - 3 scrolls of identify {unknown}
 p - 2 scrolls of noise {unknown}
 q - 4 scrolls of teleportation {unknown}
 u - a scroll of remove curse {unknown}
 w - 3 scrolls of fear {unknown}
 x - a scroll of amnesia {unknown}
 y - 2 scrolls of enchant weapon {unknown}
Potions
 f - 5 potions of curing {unknown}
 g - 3 potions of lignification {unknown}
 n - 2 potions of agility {unknown}
 s - a potion of flight {unknown}
 t - a potion of ambrosia {unknown}
 v - a potion of haste {unknown}
 z - 2 potions of brilliance {unknown}
Books
 e - a book of Geomancy

   Spells                             Type                      Level
   a - Sandblast                      Earth                        1
   b - Passwall                       Transmutation/Earth          2
   c - Stone Arrow                    Conjuration/Earth            3
   d - Petrify                        Transmutation/Earth          4
   e - Lee's Rapid Deconstruction     Earth                        5
Comestibles
 d - 2 bread rations
 j - 2 royal jellies
 m - 2 meat rations
 C - 5 chunks of flesh


   Skills:
 + Level 1.2 Fighting
 + Level 2.0 Maces & Flails
 + Level 1.5 Armour
 + Level 2.0 Dodging
 - Level 2.1 Stealth
 + Level 3.9 Spellcasting
 - Level 0.7 Transmutations
 + Level 5.6 Earth Magic


You had 7 spell levels left.
You knew the following spells:

 Your Spells              Type           Power        Failure   Level  Hunger
a - Sandblast             Erth           ###...       1%          1    None
b - Petrify               Tmut/Erth      ##......     50%         4    ####...


Dungeon Overview and Level Annotations

Branches:
Dungeon (5/15)
 Temple: D:4-7

Altars:
Cheibriados
Dithmenos
Hepliaklqana
Qazlal

Annotations:
D:4 kuniqs's ghost, amateur TrMo


Innate Abilities, Weirdness & Mutations

You are resistant to torment.
Your stone body is resilient. (AC +4)
You are immune to poison.
You resist negative energy. (rN+)
You are resistant to electric shocks. (rElec)
You can survive without breathing.
You are immune to petrification.
You are immune to rotting.


Message History

You see here an adder corpse.
You see here an adder corpse.
You butcher the adder corpse.
C - 5 chunks of flesh (gained 1)
You see here an adder skeleton.
HP restored.
A centaur comes into view.
The centaur shouts!
The centaur wields a shortbow.
The centaur shoots an arrow.
The arrow hits you.
The centaur shoots an arrow.
The arrow hits you!
A crimson imp comes into view.
You see here an arrow.
Casting: Sandblast
Confirm with . or Enter, or press ? or * to list all spells.
You can't see any susceptible monsters within range! (Use Z to cast anyway.)
A giant cockroach comes into view.
The centaur shoots an arrow.
The arrow hits you!
* * * LOW HITPOINT WARNING * * *
The centaur shoots an arrow.
The arrow hits you!
You die...

..s## ... ##
... ..# .5c #.#
#.# ... #.# #.#
#.# #.# #@#
#.#####.####
#(#
#...........
#.# ######.####
#.# #.# # #.#
#.#
#.###########.#
#.............#
###############


You could see a centaur, a crimson imp (wandering) and a giant cockroach
(wandering).

Vanquished Creatures
  A big kobold (D:3)
  A bullfrog (D:4)
  An orc priest (D:4)
  A bullfrog skeleton (D:4)
  Terence (D:2)
  3 adders
  An ooze (D:5)
  An adder skeleton (D:4)
  2 worms
  A dart slug (D:2)
  2 leopard geckos
  5 orcs
  2 ball pythons
  3 bats
  A giant cockroach (D:1)
  9 goblins
  2 hobgoblins
  14 jackals
  A quokka (D:3)
  6 frilled lizards
  A jackal zombie (D:5)
  7 kobolds
  7 rats
73 creatures vanquished.

Notes
Turn   | Place    | Note
-------+----------+-------------------------------------------
     0 | D:1      | Feta the Gargoyle Earth Elementalist began the quest for the Orb.
     0 | D:1      | Reached XP level 1. HP: 10/10 MP: 3/3
    42 | D:1      | Reached skill level 4 in Earth Magic
    42 | D:1      | Reached XP level 2. HP: 13/15 MP: 0/5
   557 | D:1      | Reached XP level 3. HP: 14/19 MP: 6/6
  1429 | D:2      | Noticed Terence
  1437 | D:2      | Killed Terence
  1437 | D:2      | Reached XP level 4. HP: 21/24 MP: 2/8
  1940 | D:3      | Reached skill level 5 in Earth Magic
  2001 | D:3      | Learned a level 4 spell: Petrify
  2044 | D:3      | Found a snail-covered altar of Cheibriados.
  2109 | D:3      | Noticed a big kobold
  2112 | D:3      | Killed a big kobold
  2112 | D:3      | Reached XP level 5. HP: 27/28 MP: 6/10
  2438 | D:3      | Reached skill level 1 in Armour
  2443 | D:3      | Found a stormy altar of Qazlal.
  2444 | D:3      | Found a shadowy altar of Dithmenos.
  2606 | D:4      | Noticed kuniqs's ghost (amateur TrMo)
  2865 | D:4      | Reached skill level 1 in Fighting
  2865 | D:4      | Reached skill level 1 in Maces & Flails
  2865 | D:4      | Reached XP level 6. HP: 34/34 MP: 8/11
  2947 | D:5      | Entered Level 5 of the Dungeon
  2950 | D:5      | Found a hazy altar of Hepliaklqana.
  3265 | D:5      | Shot with an arrow by a centaur

Skill      XL: |  1  2  3  4  5  6 |
---------------+-------------------+-----
Earth Magic    | 4 5 |  5.6
Spellcasting   | 3 |  3.9
Armour         | 1 |  1.5
Fighting       | 1 |  1.2
Maces & Flails | 1 2 |  2.0
Dodging        | 2 |  2.0
Stealth        | |  2.1
Transmutations | |  0.7

Action                   |  1- 3 |  4- 6 || total
-------------------------+-------+-------++-------
Melee: Unarmed           |    26 |       ||    26
       Mace              |    32 |   119 ||   151
 Cast: Sandblast         |    34 |    32 ||    66
 Stab: Sleeping          |       |     1 ||     1
  Eat: Chunk             |     2 |     6 ||     8
Armor: Robe              |    20 |       ||    20
       Leather armour    |     2 |    59 ||    61
Dodge: Dodged            |    61 |   111 ||   172
